 Dungeon Crawl Stone Soup version 0.18-a0-641-g4caf58e (webtiles) character file.

1281 Leibowitz the Sneak (level 8, -3/48 HPs)
             Began as a Kobold Fighter on Nov 29, 2015.
             Was an Initiate of Okawaru.
             Slain by an orc warrior
             ... wielding a +0 glaive
              (11 damage)
             ... on level 5 of the Dungeon on Dec 4, 2015.
             The game lasted 00:34:01 (6342 turns).

Leibowitz the Sneak (Kobold Fighter)                Turns: 6342, Time: 00:34:01

Health: -3/48      AC:  9    Str: 14 (15) XL:     8   Next: 84%
Magic:  17/17      EV: 15    Int:  6      God:    Okawaru [......]
Gold:   310        SH: 10    Dex: 17      Spells: 0 memorised, 7 levels left

rFire  . . .     SeeInvis .     a - +0 rapier
rCold  . . .     Clarity  .     r - +0 leather armour
rNeg   . . .     SustAt   .     c - +0 shield
rPois  .         Gourm    .     d - +0 helmet
rElec  .         Spirit   .     o - +1 cloak
rCorr  .         Dismiss  +     l - +2 pair of gloves
rMut   .         Stasis   .     (no boots)
MR     .....                    y - amulet of dismissal
Stlth  +++.......               (no ring)
                                k - ring of magical power

@: drained, not resistant to hostile enchantments, fairly stealthy
A: carnivore 3
a: Renounce Religion


You were on level 5 of the Dungeon.
You worshipped Okawaru.
Okawaru was noncommittal.
You were very full.

You visited 1 branch of the dungeon, and saw 6 of its levels.

You collected 310 gold pieces.

Inventory:

Hand Weapons
 a - a +0 rapier (weapon)
 b - a -2 blowgun
Missiles
 t - 7 poisoned needles
 u - 6 tomahawks (quivered)
 z - 3 curare-tipped needles
Armour
 c - a +0 shield (worn)
 d - a +0 helmet (worn)
 l - a +2 pair of gloves (worn)
 o - a +1 cloak (worn)
 r - a +0 leather armour (worn)
Jewellery
 k - a ring of magical power (left hand)
 y - an amulet of dismissal (around neck)
Wands
 v - a wand of flame (24)
 w - a wand of slowing (24)
Scrolls
 e - 4 scrolls of fog
 i - a scroll of remove curse
 n - 2 scrolls of teleportation
 p - a scroll of identify
 s - a scroll of blinking
Potions
 g - 3 potions of curing
 h - 2 potions of ambrosia
 j - 3 potions of heal wounds
Comestibles
 f - 9 meat rations
 m - a royal jelly
 q - a beef jerky


   Skills:
 + Level 4.8(4.7) Fighting
 + Level 4.7 Short Blades
 + Level 3.6(3.5) Throwing
 + Level 3.2(3.1) Armour
 + Level 5.4(5.3) Dodging
 * Level 5.8(5.7) Stealth
 + Level 4.5 Shields


You had 7 spell levels left.
You didn't know any spells.

Dungeon Overview and Level Annotations

Branches:
Dungeon (6/15)
 Temple: D:4-7

Altars:
Ashenzari
Elyvilon
Fedhas
Kikubaaqudgha
Makhleb
Okawaru
Ru
Trog
Xom
Yredelemnul
The Shining One

Annotations:
D:3 exclusion: oklob plant


Innate Abilities, Weirdness & Mutations

You are small and have problems with some larger weapons.
You are carnivorous and can eat meat at any time.


Message History

Firing (i - inventory. (,) - cycle):
t - 8 poisoned needles (quivered)
Press: ? - help, Shift-Dir - straight line, f/p - orc warrior
Aim: an orc warrior, wielding a glaive and wearing a chain mail (heavily wounded, poisoned)
You shoot a poisoned needle.
The poisoned needle hits the orc warrior.
The orc warrior looks even sicker.
The orc warrior is heavily wounded.
You block the orc warrior's attack.
a - a +0 rapier (weapon)
You closely miss the orc warrior.
The orc warrior is severely wounded.
The orc warrior hits you with a glaive!
* * * LOW HITPOINT WARNING * * *
You closely miss the orc warrior.
The orc warrior is severely wounded.
You block the orc warrior's attack.
You hit the orc warrior but do no damage.
The orc warrior is severely wounded.
The orc warrior hits you with a glaive!
You die...

######################
........#.......@....#
........#......o.....#
........#............#
........#......).....#
####'#####....###...######
..#....####'#####...##...##
..#.....#............#....#
..'.....#(...........#....#
..#.....'............#....#


You could see an orc warrior.

Vanquished Creatures
  4 ogres
  A centaur (D:5)
  2 wights (D:6)
  A centaur zombie (D:5)
  2 crimson imps (D:5)
  2 orc wizards
  2 iguanas
  A giant frog zombie (D:6)
  Crazy Yiuf (D:2)
  Ijyb (D:2)
  3 orc priests
  A giant frog skeleton (D:5)
  3 worker ants
  2 hound skeletons (D:4)
  Robin (D:2)
  12 adders
  A shadow imp (D:6)
  An ooze (D:5)
  An adder skeleton (D:4)
  4 worms
  4 giant geckos
  13 orcs
  2 ball pythons (D:3)
  17 goblins
  17 hobgoblins
  11 jackals
  3 quokkas
  9 bats
  A giant cockroach (D:4)
  2 giant newts
  A jackal skeleton (D:5)
  6 kobolds
  6 rats
138 creatures vanquished.

Vanquished Creatures (others)
  4 jackals (D:1)
  A bat (D:1)
  A giant newt (D:1)
  A goblin (D:1)
7 creatures vanquished.

Grand Total: 145 creatures vanquished

Notes
Turn   | Place    | Note
--------------------------------------------------------------
     0 | D:1      | Leibowitz the Kobold Fighter began the quest for the Orb.
     0 | D:1      | Reached XP level 1. HP: 14/14 MP: 1/1
   416 | D:1      | Reached XP level 2. HP: 13/19 MP: 2/2
  1087 | D:2      | Reached skill level 1 in Dodging
  1087 | D:2      | Reached skill level 1 in Stealth
  1087 | D:2      | Reached XP level 3. HP: 10/24 MP: 3/3
  1464 | D:2      | Noticed Robin
  1472 | D:2      | Reached XP level 4. HP: 25/29 MP: 4/4
  1494 | D:2      | Killed Robin
  1768 | D:2      | Found a sacrificial altar of Ru.
  1785 | D:2      | Reached XP level 5. HP: 26/33 MP: 5/5
  2009 | D:2      | Noticed Crazy Yiuf
  2021 | D:2      | Killed Crazy Yiuf
  2445 | D:2      | Noticed Ijyb
  2459 | D:2      | Killed Ijyb
  2459 | D:2      | Reached skill level 4 in Short Blades
  2643 | D:3      | Reached XP level 6. HP: 12/38 MP: 6/6
  2691 | D:3      | Found a glowing golden altar of the Shining One.
  2948 | D:3      | Found a blossoming altar of Fedhas.
  2966 | D:3      | Noticed an oklob plant
  3345 | D:3      | Found an ancient bone altar of Kikubaaqudgha.
  3826 | D:4      | Found a bloodstained altar of Trog.
  4242 | D:4      | Reached XP level 7. HP: 38/43 MP: 7/7
  4255 | D:4      | Reached skill level 1 in Throwing
  4411 | D:4      | Upgraded the game from 0.18-a0-329-g5b4d444 to 0.18-a0-641-g4caf58e
  4477 | D:5      | Entered Level 5 of the Dungeon
  4492 | D:5      | Found a burning altar of Makhleb.
  4492 | D:5      | Found a shimmering altar of Xom.
  4834 | D:5      | Reached XP level 8. HP: 48/48 MP: 8/8
  4984 | D:5      | Reached skill level 5 in Stealth
  5055 | D:5      | Found a white marble altar of Elyvilon.
  5156 | D:5      | Reached skill level 5 in Dodging
  5157 | D:5      | Found an iron altar of Okawaru.
  5175 | D:5      | Became a worshipper of Warmaster Okawaru
  5503 | D:5      | Found a basalt altar of Yredelemnul.
  5886 | D:6      | Found a shattered altar of Ashenzari.
  6342 | D:5      | Slain by an orc warrior

Vault maps used:
D:1:      eino_arrival_water_star, grunt_decor_cap,
          minmay_misc_feat_four_crosses, lemuel_old_faithful
D:2:      old_standard_altar, uniq_robin, uniq_crazy_yiuf_cottage, uniq_iyjb
D:3:      kiku_gazebo_pond_becter, nicolae_tso_swordbearing_angel, tgw_fedhas,
          first_bread, minmay_goblin_outpost
D:4:      bloody_trog, minmay_joined_circles
D:5:      grunt_temple_overflow_champion_of_chaos, lemuel_round_altar,
          kennysheep_mini_moat, okawaru_ov_weapons_minmay,
          minmay_splitting_lines
D:6:      minmay_temple_entry_trees, basic_altar, kennysheep_generic_room_14

Action                   |  1- 3 |  4- 6 |  7- 9 || total
-------------------------+-------+-------+-------++-------
Melee: Rapier            |   115 |   201 |   301 ||   617
 Fire: Blowgun           |       |    27 |    30 ||    57
Throw: Tomahawk          |       |    11 |     8 ||    19
  Use: Potion            |     2 |     5 |     2 ||     9
       Scroll            |       |     9 |       ||     9
 Stab: Sleeping          |       |     6 |     5 ||    11
       Distracted        |       |     1 |       ||     1
       Invisible         |       |       |     1 ||     1
  Eat: Chunk             |    10 |     6 |    11 ||    27
